 Dungeon Crawl Stone Soup version 0.29.1-14-g9c671dbff4 (webtiles) character file.

Game seed: 8430368949570794454

75 Gabide the Conjurer (level 3, -4/26 HPs)
             Began as a Demigod Conjurer on Feb 16, 2023.
             Killed by divine providence
             ... invoked by an orc priest
              (10 damage)
             ... on level 3 of the Dungeon.
             The game lasted 00:03:21 (2399 turns).

Gabide the Conjurer (Demigod Conjurer)              Turns: 2399, Time: 00:03:22

Health: -4/26      AC:  2    Str:  8    XL:     3   Next: 88%
Magic:  8/10       EV: 12    Int: 24    God:
Gold:   137        SH:  0    Dex: 12    Spells: 6/9 levels left

rFire   . . .      SeeInvis .   k - +0 rapier
rCold   . . .      Faith    .   (no shield)
rNeg    . . .      Spirit   .   a - +0 robe
rPois   .          Reflect  .   (no helmet)
rElec   .          Harm     .   (no cloak)
rCorr   .          Rampage  .   (no gloves)
Will    .....                   (no boots)
Stlth   ++........              (no amulet)
HPRegen 0.08/turn               g - ring of wizardry
MPRegen 0.12/turn               (no ring)

@: no status effects
A: high MP 1, forlorn, divine attributes
a: no special abilities


You were on level 3 of the Dungeon.
You visited 1 branch of the dungeon, and saw 3 of its levels.

You collected 137 gold pieces.

Inventory:

Hand Weapons
 k - a +0 rapier (weapon)
Armour
 a - a +0 robe (worn)
Jewellery
 g - a ring of wizardry (left hand)
Wands
 j - a wand of roots (6)
Scrolls
 c - 2 scrolls of teleportation
 e - 2 scrolls of identify {unknown}
 f - a scroll of amnesia {unknown}
 i - a scroll of noise {unknown}
 l - a scroll of poison {unknown}
Potions
 d - a potion of invisibility {unknown}
 h - a potion of might {unknown}


   Skills:
 - Level 2.0 Dodging
 - Level 1.7 Stealth
 + Level 3.6 Spellcasting
 - Level 3.6 Conjurations


You had 6 spell levels left.
You knew the following spells:

 Your Spells              Type           Power      Damage    Failure   Level
a - Magic Dart            Conj           84%        1d7       1%          1
b - Static Discharge      Conj/Air       13%        3-5/arc   3%          2

Your spell library contained the following spells:

 Spells                   Type           Power      Damage    Failure   Level
 Searing Ray              Conj           42%        2d6       1%          2
 Dazzling Flash           Conj/Hex       26%        N/A       6%          3
 Fulminant Prism          Conj/Hex       6%         3d7       19%         4
 Iskenderun's Mystic Bla  Conj/Tloc      13%        2d5       19%         4
 Lightning Bolt           Conj/Air       6%         1d18      45%         5
 Maxwell's Capacitive Co  Air            2%         ∞         100%        8


Dungeon Overview and Level Annotations

Branches:
Dungeon (3/15)


Innate Abilities, Weirdness & Mutations

You have an increased reservoir of magic. (+10% MP)
You shall have no god before yourself.
Your divine heritage dramatically boosts your attributes as you level up.


Message History

The orc is lightly wounded.
Casting: Magic Dart (safe; 1% risk of failure)
Confirm with . or Enter, or press ? or * to list all spells.
The orc is struck by an arc of lightning.
The orc is severely wounded.
The orc is struck by an arc of lightning.
The orc is almost dead.
The orc is struck by an arc of lightning.
You kill the orc!
The lightning grounds out.
The magic dart hits the orc.
You kill the orc!
Casting: Magic Dart (safe; 1% risk of failure)
Confirm with . or Enter, or press ? or * to list all spells.
Okay, then.
You closely miss the orc priest.
The orc priest miscasts a cantrip.
You closely miss the orc priest. The orc priest barely misses you.
You hit the orc priest but do no damage.
The orc priest hits you with a +0 mace!
Casting: Magic Dart (safe; 1% risk of failure)
Confirm with . or Enter, or press ? or * to list all spells.
The orc priest is struck by an arc of lightning.
The orc priest is moderately wounded.
You are struck by an arc of lightning.
The lightning grounds out.
The orc priest hits you with a +0 mace. Magic courses through your body.
The orc priest mumbles some strange prayers to Beogh against you.
Pain shoots through your body!
* * * LOW HITPOINT WARNING * * *
Casting: Static Discharge (safe; 3% risk of failure)
Confirm with . or Enter, or press ? or * to list all spells.
The orc priest is struck by an arc of lightning.
The orc priest is severely wounded.
You are struck by an arc of lightning.
* * * LOW HITPOINT WARNING * * *
The lightning grounds out.
The orc priest calls down the wrath of Beogh upon you.
Beogh smites you!
You die...

...... ....## #.... .o ####
#...##.o.. ...# #.<..oo.o.
...# #.)# ...# #.)# ### ...#
#.o## #.# ...# #..@# #.#
...######### #...######.#
##.........# #.......†..#
#.........# #...######.#
#.........# ##### #.#
#.........############.#######
#.........##..................
#.........##.#########.#######
#.........'......# #.#


You could see an orc priest.

Vanquished Creatures
  An adder (D:2)
  A dart slug (D:3)
  4 orcs (D:3)
  5 endoplasms
  4 giant cockroaches
  7 goblins
  4 hobgoblins
  4 jackals (D:1)
  3 quokkas
  4 ball pythons
  6 bats
  3 frilled lizards
  5 kobolds
  3 rats
54 creatures vanquished.

Notes
Turn   | Place    | Note
-------+----------+-------------------------------------------
     0 | D:1      | Gabide the Demigod Conjurer began the quest for the Orb.
     0 | D:1      | Reached XP level 1. HP: 14/14 MP: 5/5
   298 | D:1      | Reached XP level 2. HP: 20/20 MP: 1/7
  1081 | D:1      | Reached XP level 3. HP: 26/26 MP: 5/10
  1424 | D:2      | Learned a level 2 spell: Static Discharge
  2399 | D:3      | Killed from afar by an orc priest

Illustrated notes

Levels and vault maps discovered:
D:1:      dpeg_arrival_tiny_g, layout_loops_ring,
          hellmonk_ecumenical_altar_run_dry, minmay_tripent
D:2:      layout_basic
D:3:      layout_basic, mainiacjoe_overflow_cross_hatched, minmay_cut_off

Skill      XL: |  1  2 |
---------------+-------+-----
Dodging        | 2 |  2.0
Spellcasting   | 2 3 |  3.6
Stealth        | |  1.7
Conjurations   | |  3.6

Action                   || total
-------------------------++-------
Melee: Unarmed           ||    34
       Rapier            ||     3
 Cast: Magic Dart        ||   101
       Static Discharge  ||     5
  Use: Scroll            ||     1
       Potion            ||     1
Armor: Robe              ||    12
Dodge: Dodged            ||    35
